 Dungeon Crawl Stone Soup version 0.19.1 (webtiles) character file.

49 esteth the Magician (level 3, 0/26 HPs)
             Began as a Draconian Wizard on Dec 18, 2016.
             Slain by Terence
             ... wielding a +0 morningstar
              (1 damage)
             ... on level 2 of the Dungeon.
             The game lasted 00:04:17 (1392 turns).

esteth the Magician (Draconian Wizard)              Turns: 1392, Time: 00:04:18

Health: 0/26       AC:  5    Str:  9    XL:     3   Next: 51%
Magic:  1/8        EV: 12    Int: 19    God:
Gold:   83         SH:  0    Dex:  9    Spells: 4 memorised, 1 level left

rFire  . . .     SeeInvis .     e - +0 club
rCold  . . .     Gourm    .     (armour unavailable)
rNeg   . . .     Faith    .     (no shield)
rPois  .         Spirit   .     a - +0 hat
rElec  .         Reflect  .     (no cloak)
rCorr  .         Harm     .     (no gloves)
MR     .....                    (no boots)
Stlth  ++........               (no amulet)
                                (no ring)
                                (no ring)

@: no status effects
A: unfitting armour, cold-blooded, AC +5
a: no special abilities


You were on level 2 of the Dungeon.
You were not hungry.

You visited 1 branch of the dungeon, and saw 2 of its levels.

You collected 83 gold pieces.

Inventory:

Hand Weapons
 e - a +0 club (weapon)
Armour
 a - a +0 hat (worn)
Scrolls
 f - a scroll of identify
Books
 b - a book of Minor Magic

   Spells                             Type                      Level
   a - Magic Dart                     Conjuration                  1
   b - Blink                          Translocation                2
   c - Call Imp                       Summoning                    2
   d - Repel Missiles                 Charms/Air                   2
   e - Slow                           Hexes                        2
   f - Conjure Flame                  Conjuration/Fire             3
   g - Mephitic Cloud                 Conjuration/Poison/Air       3
Comestibles
 c - a bread ration
 g - 4 fruits


   Skills:
 - Level 1.9 Dodging
 - Level 1.8 Stealth
 * Level 3.5 Spellcasting
 + Level 2.4 Conjurations
 + Level 1.1 Summonings
 - Level 1.0 Translocations


You had one spell level left.
You knew the following spells:

 Your Spells              Type           Power        Failure   Level  Hunger
a - Magic Dart            Conj           ##..         8%          1    None
b - Mephitic Cloud        Conj/Pois/Air  #.......     34%         3    ###....
c - Blink                 Tloc           N/A          17%         2    ##.....
d - Call Imp              Summ           #.......     14%         2    ##.....


Dungeon Overview and Level Annotations

Branches:
Dungeon (2/15)

Altars:

Annotations:
D:2 Terence


Innate Abilities, Weirdness & Mutations

Your plain brown scales are hard. (AC +5)
You cannot fit into any form of body armour.
You are cold-blooded and may be slowed by cold attacks.


Message History

Press: ? - help, Shift-Dir - straight line, f/p - Terence
Aim: Terence, wielding a morningstar and wearing a chain mail (heavily wounded)
The magic dart hits Terence.
Terence is heavily wounded.
Terence hits you with a morningstar!
Casting: Magic Dart
Confirm with . or Enter, or press ? or * to list all spells.
Aiming: Magic Dart
Press: ? - help, Shift-Dir - straight line, f/p - Terence
Aim: Terence, wielding a morningstar and wearing a chain mail (heavily wounded)
The magic dart hits Terence.
Terence is heavily wounded.
Terence hits you with a morningstar!
* * * LOW HITPOINT WARNING * * *
Casting: Magic Dart
Confirm with . or Enter, or press ? or * to list all spells.
You don't have enough magic to cast that spell.
There is a stone staircase leading up here.
Terence hits you with a morningstar.
You die...

#.###..
#...#.###
###..>....#
#.......#.#
..........
......#.#
#.......#
#@....#
#@....#
#.....#
#..<..#
#.#.###
....# .....
....##
##.#.


You could see Terence.

Vanquished Creatures
  An adder (D:1)
  A dart slug (D:1)
  A leopard gecko (D:1)
  5 bats (D:1)
  A giant cockroach (D:1)
  5 goblins (D:1)
  3 hobgoblins (D:1)
  6 jackals (D:1)
  A frilled lizard (D:1)
  4 kobolds (D:1)
  7 rats (D:1)
35 creatures vanquished.

Notes
Turn   | Place    | Note
-------+----------+-------------------------------------------
     0 | D:1      | esteth the Draconian Wizard began the quest for the Orb.
     0 | D:1      | Reached XP level 1. HP: 14/14 MP: 4/4
   255 | D:1      | Reached XP level 2. HP: 9/20 MP: 6/6
   952 | D:1      | Reached XP level 3. HP: 21/26 MP: 1/7
  1093 | D:1      | Learned a level 3 spell: Mephitic Cloud
  1096 | D:1      | Learned a level 2 spell: Blink
  1099 | D:1      | Learned a level 2 spell: Call Imp
  1381 | D:2      | Noticed Terence
  1390 | D:2      | HP: 1/26 [Terence/morningstar (7)]
  1392 | D:2      | Slain by Terence

Skill      XL: |  1  2 |
---------------+-------+-----
Conjurations   | 2 |  2.4
Dodging        | |  1.9
Stealth        | |  1.8
Spellcasting   | |  3.5
Summonings     | |  1.1
Translocations | |  1.0

Action                   || total
-------------------------++-------
Melee: Club              ||    79
       Unarmed           ||     7
       Tailslap          ||     4
 Cast: Magic Dart        ||    47
  Use: Scroll            ||     2
 Stab: Sleeping          ||     1
  Eat: Chunk             ||     2
Armor: Skin              ||    39
Dodge: Dodged            ||    86
